Cogmind - Beta 12 @@@ ROGUE MODE // 2023.12.16 @ 14:13:51 Player: Dosh Result: Self-destructed Performance ------------- Evolutions (6) 3000 Regions Visited (22) 4400 Robots Destroyed (143) 715 Value Destroyed (5756) 5756 Prototype IDs (34) 680 Alien Tech Used (0) 0 Bonus (5948) 5948 TOTAL SCORE: 20499 Bonus ------- High Alert Combat Kills 337 Follower Combat Kills 3278 Entered Garrisons 200 Used RIF Installer 1000 Network Hubs Disabled 200 Aligned with FarCom 300 Met Zhirov 300 Built Enhanced Grunts 300 A7 Reached Mainframe 300 Met R17 at Cetus 500 Friendly Fire -767 Cogmind --------- Core Integrity 996/1150 Matter 141/300 Energy 100/100 System Corruption 27% Temperature Cool (0) Movement Hovering (60) Location -4/Factory Parts ------- > --- POWER (2) -------- (None) > --- PROPULSION (4) --- Improved Antigrav System > --- UTILITY (10) ----- Hacking Suite System Shield > --- WEAPON (3) ------- (None) > --- INVENTORY (5) ---- Advanced Medium Treads Centrium Medium Armor Plating Wave Gun Long-range Proton Cannon Improved Proton Missile Launcher Peak State ------------ > --- POWER ------------ Neutrino Core Quantum Reactor > --- PROPULSION ------- Improved Treads Improved Treads Centrium Heavy Treads > --- UTILITY ---------- Huge Storage Unit Advanced Terrain Scanner Armor Integrity Analyzer Layered Medium Armor Plating Centrium Medium Armor Plating Hacking Suite Advanced Hacking Suite System Shield > --- WEAPON ----------- Compact HERF Cannon Hypervelocity Coil Gun Advanced KE Penetrator > --- INVENTORY -------- Fission Core Neutrino Core Light Treads Compact Wheel High-capacity Matter Pod Experimental Sensor Array Transmission Jammer Cloaking Device Hardened Light Armor Plating Centrium Medium Armor Plating Relay Coupler [Grunt] System Restoration Module Wave Gun Wave Gun Long-range Proton Cannon Heavy Disruptor Cannon Heavy Phase Cannon Hypervelocity Coil Gun Improved Proton Missile Launcher Remote Datajack Powered Hammer [Rating: 105] Favorites ----------- Power Micro Fission Core Engine Improved Deuterium Engine Power Core Micro Fission Core Reactor Quantum Reactor Propulsion Improved Treads Treads Improved Treads Leg Carbon-fiber Leg Wheel Armored Wheel Hover Unit Antigrav System Utility Hacking Suite Device Advanced Heat Sink Storage Huge Storage Unit Processor Core Analyzer Hackware Hacking Suite Protection Improved Medium Armor Plating Weapon Enhanced Gauss Cannon Energy Gun Precision Shock Rifle Energy Cannon Compact HERF Cannon Ballistic Gun Enhanced Autogun Ballistic Cannon Enhanced Gauss Cannon Launcher Proton Missile Launcher Special Weapon Remote Datajack Impact Weapon Heavy Mace Build | -11 -10 -10 -10 -9 -8 -7 -7 -6 -6 -6 -6 -5 -5 -5 -5 -5 -5 -5 -5 -4 -4 -4 ------- Run | Jun Mat Min Exi Min Mat Fac Gar Fac Low Low Zio Pro Fac Was Fac Ext Cet Arc Hub Fac Was Fac Slots Evolved 12 | . . . . . 4 2 . 2 . . . . 2 . . . . . . 2 . . Power 1 | . . . . . . . . . . . . . 1 . . . . . . . . . Propulsion 2 | . . . . . 1 1 . . . . . . . . . . . . . . . . Utility 8 | . . . . . 3 1 . 2 . . . . . . . . . . . 2 . . Weapon 1 | . . . . . . . . . . . . . 1 . . . . . . . . . Parts Attached 220 | 6 10 . 1 . 33 5 19 46 7 . 7 6 9 7 13 27 4 4 2 2 7 5 Power 26 | 1 1 . . . 3 1 2 7 . . 1 1 2 . 2 3 1 . . . 1 . Engine 9 | 1 1 . . . . 1 2 3 . . . . . . 1 . . . . . . . Core 15 | . . . . . 3 . . 4 . . 1 1 2 . 1 3 . . . . . . Reactor 2 | . . . . . . . . . . . . . . . . . 1 . . . 1 . Propulsion 59 | 2 3 . . . 10 1 8 6 1 . 3 1 2 2 3 10 . 2 1 1 1 2 Treads 27 | 2 . . . . 3 . 2 . . . 3 1 . . 1 10 . 2 1 . 1 1 Leg 9 | . . . . . . . 6 3 . . . . . . . . . . . . . . Wheel 19 | . 3 . . . 7 1 . 3 1 . . . . 1 2 . . . . 1 . . Hover 4 | . . . . . . . . . . . . . 2 1 . . . . . . . 1 Flight . | . . . . . . . . . . . . . . . . . . . . . . . Utility 61 | 1 3 . 1 . 7 3 4 10 3 . 1 2 2 1 5 8 2 1 . 1 3 3 Device 21 | . . . . . 1 1 1 3 2 . . 2 1 1 3 2 . . . 1 3 . Storage 7 | 1 1 . 1 . 1 . . 2 . . . . . . . . . . . . . 1 Processor 4 | . 1 . . . . . . . 1 . . . 1 . . 1 . . . . . . Hackware 11 | . . . . . 3 1 . 2 . . . . . . 2 1 1 . . . . 1 Protection 18 | . 1 . . . 2 1 3 3 . . 1 . . . . 4 1 1 . . . 1 Artifact . | . . . . . . . . . . . . . . . . . . . . . . . Weapon 74 | 2 3 . . . 13 . 5 23 3 . 2 2 3 4 3 6 1 1 1 . 2 . Energy Gun 15 | . . . . . 6 . . 7 . . . . . . . 1 1 . . . . . Energy Cannon 18 | . . . . . . . 1 9 . . . . 2 2 1 2 . . . . 1 . Ballistic Gun 17 | 2 3 . . . 6 . 3 . . . . . 1 . . . . 1 1 . . . Ballistic Cannon 14 | . . . . . . . . 3 2 . 2 2 . 2 . 3 . . . . . . Launcher 1 | . . . . . . . 1 . . . . . . . . . . . . . . . Special Weapon 2 | . . . . . . . . . 1 . . . . . . . . . . . 1 . Impact Weapon 7 | . . . . . 1 . . 4 . . . . . . 2 . . . . . . . Slashing Weapon . | . . . . . . . . . . . . . . . . . . . . . . . Piercing Weapon . | . . . . . . . . . . . . . . . . . . . . . . . Special Melee Weapon . | . . . . . . . . . . . . . . . . . . . . . . . Unidentified Prototypes 9 | . . . . . 2 . . . 1 . . 1 . 1 . . 2 1 1 . . . Corrupted Parts 11 | . . . . . . . 3 . 1 . . . . . . 5 . 1 . . . 1 System Corruption 37 | . . . . . . . 6 . 4 . . . . . . 17 . 3 . . . 7 Parts Lost 95 | . 3 . . . 10 . 12 20 . 1 10 3 3 3 6 9 . 5 2 . 7 1 Power 12 | . 1 . . . 1 . 2 2 . . 2 . 1 1 1 1 . . . . . . Propulsion 33 | . 1 . . . 3 . 4 5 . 1 3 2 1 . 2 4 . 3 1 . 3 . Utility 28 | . . . . . 2 . 3 8 . . 3 1 . 1 1 3 . 1 1 . 3 1 Weapon 22 | . 1 . . . 4 . 3 5 . . 2 . 1 1 2 1 . 1 . . 1 . Highest Loss Streak 9 | . 1 . . . 8 . 6 6 . 1 9 2 3 1 2 6 . 5 1 . 6 1 To Critical Strikes 1 | . . . . . . . . . . . . . . . . 1 . . . . . . Average Slot Usage (%) 84 | . 91 100 72 71 89 97 95 89 80 83 66 61 74 77 68 92 100 93 93 81 50 15 Engine 2 | . 13 14 14 14 1 . 6 4 . . . . . . . . . . . . . . Core 4 | . . . . . 7 6 . 1 6 6 5 1 10 5 3 10 5 5 5 5 1 . Treads 6 | . 15 . . . 3 . 1 . . . 1 12 4 . 1 20 23 20 16 14 4 . Leg 5 | . . . . . . . 21 16 . . . . . . . . . . . . . . Wheel 6 | . 5 28 28 28 19 30 4 5 14 16 11 . . 3 3 . . . . 1 1 . Device 7 | . . . . . 5 7 6 7 12 13 10 6 17 14 12 4 5 2 . 3 8 . Storage 6 | . 14 14 14 14 9 7 7 6 6 6 6 6 5 5 5 5 5 5 5 5 2 . Processor 3 | . 7 . . . . . . . 5 6 6 6 5 11 11 8 5 5 5 5 5 3 Hackware 17 | . . . . . 16 16 23 29 13 13 13 13 11 11 15 15 21 23 22 15 14 10 Protection 5 | . 5 14 14 14 8 10 6 3 6 6 6 . . . . 6 6 7 11 10 3 . Energy Gun 2 | . . . . . 9 . . 3 . . . . . . . 4 1 2 . . . . Energy Cannon 2 | . . . . . . . 5 4 . . . . . 1 2 5 5 5 5 5 1 . Ballistic Gun 3 | . 27 28 1 . 5 15 8 . . . . . 4 2 . . . . 7 10 3 . Ballistic Cannon 3 | . . . . . . . . 1 13 13 3 12 10 5 . 4 9 5 2 . . . Naked Turns . | . . . . . . . . . . . . . . . . . . . . . . . Heaviest Build 157 | 12 28 28 44 44 62 67 69 129 132 132 132 106 118 115 95 137 154 151 151 149 157 7 Greatest Support 126 | 40 40 24 24 24 60 48 65 70 54 54 56 56 23 31 75 92 92 92 126 126 16 30 Greatest Overweight (x) 38 | . 9 1 1 1 5 1 17 3 2 2 7 4 36 5 7 38 1 2 2 9 9 2 Average Overweight (x) 1 | . . 1 . 1 1 1 1 1 2 2 2 1 6 3 2 1 1 1 1 2 1 . Largest Inventory Capacity 30 | 8 15 15 20 20 20 20 20 25 25 25 25 25 25 25 25 25 25 25 25 25 25 30 Average Capacity 21 | 7 11 15 16 20 20 20 20 22 25 25 25 25 25 25 25 25 25 25 25 25 12 5 Most Carried 25 | 2 12 10 14 15 20 20 20 25 25 25 25 20 16 17 18 22 25 25 25 24 24 5 Average Carried 16 | . 5 10 12 14 13 19 17 18 24 24 24 17 14 15 15 16 24 23 23 22 11 4 Final Capacity 25 | 8 15 15 20 20 20 20 20 25 25 25 25 25 25 25 25 25 25 25 25 25 5 5 Final Carried 25 | 2 10 10 14 15 20 20 20 25 24 25 20 17 14 17 14 22 25 22 22 23 5 5 Class Distribution -------------------- 53% | Hacker-Mutant 12% | Scavenger-Mutant 8% | Mutant 6% | Scavenger-Skirmisher 6% | Scavenger-Tank 6% | Scavenger-Gunner 5% | Hacker-Skirmisher Dominant Class ---------------- Mutant | -10/Materials Mutant | -10/Mines Mutant | -10/Exiles Mutant | -9/Mines Hacker-Mutant | -8/Materials Hacker-Mutant | -7/Factory Scavenger-Mutant | -7/Garrison Hacker-Mutant | -6/Factory Hacker-Mutant | -6/Lower Caves Hacker-Mutant | -6/Lower Caves Hacker-Mutant | -6/Zion Hacker-Mutant | -5/Proximity Caves Hacker-Skirmisher | -5/Factory Scavenger-Skirmisher | -5/Waste Hacker-Mutant | -5/Factory Scavenger-Gunner | -5/Extension Scavenger-Skirmisher | -5/Cetus Scavenger-Mutant | -5/Archives Scavenger-Tank | -5/Hub_04(d) Scavenger-Skirmisher | -4/Factory Hacker-Scout | -4/Waste Hacker-Mutant | -4/Factory Resources | -11 -10 -10 -10 -9 -8 -7 -7 -6 -6 -6 -6 -5 -5 -5 -5 -5 -5 -5 -5 -4 -4 -4 ----------- Run | Jun Mat Min Exi Min Mat Fac Gar Fac Low Low Zio Pro Fac Was Fac Ext Cet Arc Hub Fac Was Fac Matter Collected 5740 | 171 501 . . . 642 96 630 824 469 177 62 143 302 692 111 595 146 . . . . 179 Remotely . | . . . . . . . . . . . . . . . . . . . . . . . Salvage Created 7276 | . 638 . . . 1119 90 1122 1206 454 . . 69 89 1183 175 961 58 . 112 . . . Parts 291 | . 50 . . . 51 9 32 47 14 . . 4 10 . 14 52 3 . 5 . . . Haulers Intercepted 4 | . 1 . . . 2 . . 1 . . . . . . . . . . . . . . Recyclers Shooed 3 | . . . . . . . . 2 . . . . . . . 1 . . . . . . Parts Field Recycled . | . . . . . . . . . . . . . . . . . . . . . . . Retrieved Matter . | . . . . . . . . . . . . . . . . . . . . . . . Parts Self-Destructed 16 | . . . . . . . . . 7 5 1 3 . . . . . . . . . . Prevented . | . . . . . . . . . . . . . . . . . . . . . . . Kills | -11 -10 -10 -10 -9 -8 -7 -7 -6 -6 -6 -6 -5 -5 -5 -5 -5 -5 -5 -5 -4 -4 -4 ------- Run | Jun Mat Min Exi Min Mat Fac Gar Fac Low Low Zio Pro Fac Was Fac Ext Cet Arc Hub Fac Was Fac Combat Hostiles Destroyed 109 | . 13 . . . 19 1 20 17 11 1 . 4 2 6 2 12 . . 1 . . . Melee 8 | . . . . . 4 . . 2 . . . . . . 2 . . . . . . . Guns 49 | . 13 . . . 11 1 15 3 . . . . 1 . . 4 . . 1 . . . Cannons 38 | . . . . . . . 2 6 11 1 . 4 1 6 . 7 . . . . . . AOE 4 | . . . . . 1 . 2 1 . . . . . . . . . . . . . . Classes Destroyed 16 | . 6 . . . 3 . 2 1 1 . . 1 . 1 1 . . . . . . . Worker 6 | . . . . . 1 1 . 1 . . . . . . 3 . . . . . . . Builder 4 | . . . . . . . . . . . . . . . 2 1 . . 1 . . . Hauler 4 | . 1 . . . 2 . . 1 . . . . . . . . . . . . . . Recycler 3 | . 1 . . . . . . 1 . . . . . . . 1 . . . . . . Operator 7 | . 2 . . . 2 1 . 1 . . . . . . . 1 . . . . . . Drone 2 | . . . . . . . . . . . . 2 . . . . . . . . . . Watcher 7 | . 2 . . . 3 . . 1 . . . . . . . 1 . . . . . . Swarmer 10 | . 3 . . . 3 . 1 . . . . . . . . 3 . . . . . . Grunt 46 | . 10 . . . 12 . 9 7 3 1 . . . . . 4 . . . . . . Brawler 1 | . . . . . . . 1 . . . . . . . . . . . . . . . Duelist 4 | . . . . . . . 3 . 1 . . . . . . . . . . . . . Sentry 19 | . . . . . 3 1 5 3 1 . . 1 . . . 4 . . 1 . . . Hunter 4 | . . . . . 1 . 1 2 . . . . . . . . . . . . . . Programmer 10 | . . . . . . . . 5 . . . 1 2 . 2 . . . . . . . Compactor 6 | . . . . . . . . . . . . . . 6 . . . . . . . . Thug 4 | . . . . . . . . . 3 . . . . . . 1 . . . . . . Savage 1 | . . . . . . . . . . . . . . . . 1 . . . . . . Butcher 3 | . . . . . . . . . 2 . . . . . . . 1 . . . . . Guerrilla 1 | . . . . . . . . . . . . . . . . 1 . . . . . . Mutant 1 | . . . . . . . . . 1 . . . . . . . . . . . . . Best Kill Streak 12 | . 7 . . . 3 1 12 3 6 1 . 1 2 3 4 3 . . 1 . . . Combat Bots Only 12 | . 6 . . . 3 1 12 3 6 1 . 1 2 3 1 3 . . 1 . . . Max Kills in Single Turn 2 | . 2 . . . 1 1 1 1 2 1 . 1 1 1 2 2 1 . 1 . . . Gunslinging 1 | . 1 . . . . . . . . . . . . . . . . . . . . . Exploded 1 | . . . . . 1 . 1 1 . . . . . . . . . . . . . . Melee 1 | . . . . . 1 . . 1 . . . . . . 1 . . . . . . . Uniques/NPCs Destroyed . | . . . . . . . . . . . . . . . . . . . . . . . Combat | -11 -10 -10 -10 -9 -8 -7 -7 -6 -6 -6 -6 -5 -5 -5 -5 -5 -5 -5 -5 -4 -4 -4 -------- Run | Jun Mat Min Exi Min Mat Fac Gar Fac Low Low Zio Pro Fac Was Fac Ext Cet Arc Hub Fac Was Fac Damage Taken 15846 | . 801 8 . . 1666 73 2684 2642 464 254 1437 559 335 121 1070 1548 143 1005 472 . 283 281 Core 2299 | . 138 . . . 275 5 340 266 85 . 261 103 45 41 140 221 17 183 25 . 86 68 Absorbed by Shields 504 | . . . . . . . . 84 83 92 85 . . . . 91 69 . . . . . Redirected to Shielding 49 | . 9 . . . 40 . . . . . . . . . . . . . . . . . Regen/Repaired (Parts) 774 | . . . . . 210 . . 44 . . . . . . 520 . . . . . . . Core Remaining (%) 48 | 100 . . . 44 50 . 50 . . . . 15 . . . . . . 32 . . . Volleys Fired 430 | . 60 . . . 64 7 70 82 22 11 2 13 7 39 6 37 1 . 7 . 2 . Largest 3 | . 2 . . . 2 2 2 2 2 2 2 2 3 3 1 3 3 . 3 . 3 . Hottest 232 | . 40 . . . 110 50 88 165 97 97 97 97 158 153 85 232 208 . 164 . 190 . Shots Fired 875 | . 117 . . . 122 14 138 158 42 25 4 26 21 85 6 89 4 1 17 . 6 . Gun 476 | . 117 . . . 122 14 107 43 . . . . 7 23 . 26 . . 14 . 3 . Cannon 392 | . . . . . . . 24 115 42 25 4 26 14 62 6 63 4 1 3 . 3 . Launcher 7 | . . . . . . . 7 . . . . . . . . . . . . . . . Special . | . . . . . . . . . . . . . . . . . . . . . . . Kinetic 600 | . 117 . . . 74 14 107 56 42 25 4 26 19 70 . 26 3 . 14 . 3 . Thermal 89 | . . . . . 5 . . 28 . . . . 2 15 6 31 . . . . 2 . Explosive . | . . . . . . . . . . . . . . . . . . . . . . . Electromagnetic 186 | . . . . . 43 . 31 74 . . . . . . . 32 1 1 3 . 1 . Robot Hit Streak 31 | . 31 . . . 20 6 12 19 5 6 . 5 4 8 3 15 2 . 10 . 3 . Robot Miss Streak 7 | . 3 . . . 1 3 2 5 3 4 . 7 3 3 2 5 2 . 1 . 1 . Penetration Max 1 | . . . . . . . . . . . . . . . . 1 . . . . . . Secondary Targets 7 | . 3 . . . 1 . 3 . . . . . . . . . . . . . . . Max Gunslinging Chain 1 | . 1 . . . 1 . 1 . . . . . . . . . . . . . . . Shots Hit Robots 631 | . 87 . . . 120 8 90 121 27 12 . 10 10 66 12 51 2 . 11 . 4 . Core Hits 253 | . 30 . . . 45 5 48 35 17 4 . 5 3 18 6 29 1 . 7 . . . Critical Kills 7 | . . . . . 3 . . . . . . . . . 1 2 . . 1 . . . Critical Parts Destroyed 16 | . . . . . 4 . 1 3 . . . . . . 1 4 2 . . . 1 . Critical Strikes 45 | . . . . . 7 . 1 8 6 3 . 2 . 2 2 10 2 . 1 . 1 . Burn 1 | . . . . . . . . . . . . . . . . 1 . . . . . . Destroy 16 | . . . . . 1 . 1 . . . . . . 1 . 9 2 . 1 . 1 . Blast 16 | . . . . . . . . 4 6 3 . 2 . 1 . . . . . . . . Corrupt 1 | . . . . . . . . 1 . . . . . . . . . . . . . . Smash 11 | . . . . . 6 . . 3 . . . . . . 2 . . . . . . . Melee Attacks 78 | . . . . . 29 . . 34 . . . . . . 13 2 . . . . . . Impact 78 | . . . . . 29 . . 34 . . . . . . 13 2 . . . . . . Slashing . | . . . . . . . . . . . . . . . . . . . . . . . Piercing . | . . . . . . . . . . . . . . . . . . . . . . . Sneak Attacks 4 | . . . . . 1 . . 1 . . . . . . 1 1 . . . . . . Combat Hostiles . | . . . . . . . . . . . . . . . . . . . . . . . Follow-up Attacks . | . . . . . . . . . . . . . . . . . . . . . . . Damage Inflicted 17146 | . 1155 16 . . 2239 136 2524 3274 1032 492 . 361 319 2288 859 1778 82 . 402 . 150 39 Guns 5763 | . 1141 . . . 1346 136 1332 592 . . . . 150 389 . 458 . . 158 . 61 . Cannons 7702 | . . . . . . . 272 1921 1032 492 . 361 169 1899 91 1190 82 . 104 . 89 . Explosions 1698 | . . . . . 250 . 920 107 . . . . . . 281 . . . 140 . . . Melee 1783 | . . . . . 623 . . 561 . . . . . . 480 119 . . . . . . Ramming 200 | . 14 16 . . 20 . . 93 . . . . . . 7 11 . . . . . 39 Kinetic 8849 | . 1141 . . . 587 136 1332 930 1032 492 . 361 283 1856 . 398 82 . 158 . 61 . Thermal 2836 | . . . . . 303 . 360 662 . . . . 36 432 372 582 . . . . 89 . Explosive . | . . . . . . . . . . . . . . . . . . . . . . . Electromagnetic 3478 | . . . . . 706 . 832 1028 . . . . . . . 668 . . 244 . . . Impact 1783 | . . . . . 623 . . 561 . . . . . . 480 119 . . . . . . Slashing . | . . . . . . . . . . . . . . . . . . . . . . . Piercing . | . . . . . . . . . . . . . . . . . . . . . . . Highest Corruption 41 | . 1 2 2 2 3 1 6 21 25 25 25 4 3 3 18 35 35 38 41 . 16 27 Average Corruption 15 | . 1 1 2 2 1 1 5 11 21 25 25 2 2 3 6 33 35 35 38 . 9 23 Corruption Purged 4 | . . . . . . 1 . . . . . . . . 3 . . . . . . . Corruption Blocked . | . . . . . . . . . . . . . . . . . . . . . . . Effects 525 | . . 1 6 . 8 . 47 115 31 29 11 5 2 13 15 144 37 13 21 . 5 22 Message Errors 118 | . . . 2 . 2 . 11 24 6 5 1 1 1 5 3 30 8 4 5 . 2 8 Matter Fused 115 | . . . 3 . 1 . 6 29 6 9 3 1 1 2 6 25 10 3 5 . . 5 Heat Flow Errors 61 | . . . . . . . 8 18 8 5 2 . . 1 1 12 1 2 3 . . . Energy Discharges 69 | . . . . . . . 6 12 4 2 4 2 . 2 2 24 5 2 1 . 2 1 Parts Rejected 5 | . . . . . . . 1 1 . . . . . . . 3 . . . . . . Parts Fused 4 | . . . . . . . 1 . . . . . . . . 2 . . 1 . . . Data Loss (minor) 59 | . . 1 1 . 2 . 8 12 4 3 . 1 . 1 2 18 2 . 1 . . 3 Data Loss (major) 24 | . . . . . . . 2 6 . 1 1 . . . . 6 4 1 . . . 3 Misfires 21 | . . . . . 2 . 1 7 . 3 . . . 1 . 4 1 1 . . 1 . Alerts 13 | . . . . . 1 . 3 1 . . . . . . . 5 2 . 1 . . . Misdirections 18 | . . . . . . . . 1 1 1 . . . . 1 8 4 . . . . 2 Weapon Failures 18 | . . . . . . . . 4 2 . . . . 1 . 7 . . 4 . . . Overload Shots . | . . . . . . . . . . . . . . . . . . . . . . . Overflow Damage 754 | . . . . . 126 . . 356 13 22 . . . . 188 . . . 49 . . . Projectiles 155 | . . . . . . . . 120 13 22 . . . . . . . . . . . . Explosions 134 | . . . . . 10 . . . . . . . . . 75 . . . 49 . . . Melee 465 | . . . . . 116 . . 236 . . . . . . 113 . . . . . . . Knockbacks 40 | . . 1 . . 6 . . 12 6 6 . . 1 . 2 4 2 . . . . . Impact 15 | . . 1 . . 6 . . 5 . . . . . . 2 1 . . . . . . Kinetic 21 | . . . . . . . . 6 6 5 . . 1 . . 2 1 . . . . . Secondary 4 | . . . . . . . . 1 . 1 . . . . . 1 1 . . . . . Self-Inflicted Damage 557 | . 5 8 . . 36 . 147 38 . . . . . . 202 . . . 102 . . 19 Shots 11 | . . . . . 1 . 7 . . . . . . . 2 . . . 1 . . . Rammed 25 | . 4 1 . . 2 . . 9 . . . . . . 2 3 . . . . . 4 Targets Rammed 28 | . 4 1 . . 2 . . 12 . . . . . . 2 3 . . . . . 4 Kicked 3 | . . . . . . . . 3 . . . . . . . . . . . . . . Crushed . | . . . . . . . . . . . . . . . . . . . . . . . Highest Temperature 411 | . 5 . . . 56 . 245 248 249 246 169 9 . 120 70 399 165 243 411 . 96 . Average Temperature 83 | . 2 . . . 12 . 58 59 67 76 70 5 . 34 14 115 69 81 170 . 47 . Received Heat Transfer 3491 | . 393 . . . 882 27 723 488 129 96 297 36 9 . . 302 4 . 36 . . 69 Effects 1 | . . . . . . . . . . . . . . . . 1 . . . . . . Short Circuit 1 | . . . . . . . . . . . . . . . . 1 . . . . . . Siege Activations . | . . . . . . . . . . . . . . . . . . . . . . . Robots Corrupted 8 | . . . . . 2 . 1 4 . . . . . . . 1 . . . . . . Combat Hostiles 7 | . . . . . 1 . 1 4 . . . . . . . 1 . . . . . . Parts Fried 36 | . . . . . 8 . 9 14 . . . . . . 2 2 . . 1 . . . Impact Corruptions 24 | . . . . . 8 . . 12 . . . . . . 4 . . . . . . . Robots Melted . | . . . . . . . . . . . . . . . . . . . . . . . Combat Hostiles . | . . . . . . . . . . . . . . . . . . . . . . . Parts Melted 4 | . . . . . . . 1 2 . . . . . . . 1 . . . . . . Heat Transferred 3333 | . . . . . 311 . 350 857 . . . . 37 518 261 925 . . . . 74 . Parts Sabotaged . | . . . . . . . . . . . . . . . . . . . . . . . Parts Stolen . | . . . . . . . . . . . . . . . . . . . . . . . Parts Stripped . | . . . . . . . . . . . . . . . . . . . . . . . Power Chain Reactions 7 | . . . . . 3 . 3 1 . . . . . . . . . . . . . . Missiles Intercepted . | . . . . . . . . . . . . . . . . . . . . . . . Alert | -11 -10 -10 -10 -9 -8 -7 -7 -6 -6 -6 -6 -5 -5 -5 -5 -5 -5 -5 -5 -4 -4 -4 ------- Run | Jun Mat Min Exi Min Mat Fac Gar Fac Low Low Zio Pro Fac Was Fac Ext Cet Arc Hub Fac Was Fac Peak Influence 1503 | . 295 19 . . 340 128 1295 679 . . . . 300 23 156 832 1503 1062 602 316 110 198 Initial 679 | . . 19 . . . 118 21 679 . . . . 300 17 . . 439 601 354 294 110 59 Average 278 | . 142 19 . . 134 100 736 133 . . . . 163 7 55 336 985 875 373 298 90 95 Maximum Alert Level 4 | . 1 . . . 1 . 4 2 . . . . 1 . . 3 4 3 2 1 . . Low Security (%) 57 | 100 73 100 . 100 68 100 11 78 . . . . 60 100 100 29 . . . . 100 100 Level 1 19 | . 26 . . . 31 . 2 13 . . . . 39 . . 39 . . 93 100 . . Level 2 9 | . . . . . . . 28 8 . . . . . . . 15 13 28 6 . . . Level 3 12 | . . . . . . . 48 . . . . . . . . 15 66 71 . . . . Level 4 2 | . . . . . . . 9 . . . . . . . . . 20 . . . . . Level 5 . | . . . . . . . . . . . . . . . . . . . . . . . High Security . | . . . . . . . . . . . . . . . . . . . . . . . Max Security . | . . . . . . . . . . . . . . . . . . . . . . . Squads Dispatched 32 | . 5 . . . 7 . . 10 . . . . 1 . 2 3 1 . . . . 3 Investigation 10 | . 3 . . . 2 . . 1 . . . . . . . 2 1 . . . . 1 Extermination 8 | . . . . . . . . 5 . . . . 1 . 2 . . . . . . . Reinforcement 13 | . 2 . . . 4 . . 4 . . . . . . . 1 . . . . . 2 Assault . | . . . . . . . . . . . . . . . . . . . . . . . Garrison 1 | . . . . . 1 . . . . . . . . . . . . . . . . . Intercept . | . . . . . . . . . . . . . . . . . . . . . . . Searches Triggered 1 | . . . . . . . . . . . . . . . . 1 . . . . . . Construction Impeded 1 | . . . . . . . . 1 . . . . . . . . . . . . . . Haulers Reinforced 1 | . . . . . . . . 1 . . . . . . . . . . . . . . Active Scanning Responses . | . . . . . . . . . . . . . . . . . . . . . . . Cargo Convoy Interrupts . | . . . . . . . . . . . . . . . . . . . . . . . Stealth | -11 -10 -10 -10 -9 -8 -7 -7 -6 -6 -6 -6 -5 -5 -5 -5 -5 -5 -5 -5 -4 -4 -4 --------- Run | Jun Mat Min Exi Min Mat Fac Gar Fac Low Low Zio Pro Fac Was Fac Ext Cet Arc Hub Fac Was Fac Distress Signals 15 | . 3 . . . 5 . . 1 . . . . . . . . 2 . 2 . . 2 Communications Jammed . | . . . . . . . . . . . . . . . . . . . . . . . Distress Signals . | . . . . . . . . . . . . . . . . . . . . . . . Times Spotted 269 | . 21 . . . 35 2 39 26 11 4 7 7 5 6 10 35 29 11 2 . 6 13 Peak Tracking Total 14 | . 4 . . . 4 1 14 4 4 4 6 2 3 2 3 6 7 11 5 . 6 7 Tactical Retreats 16 | . 1 . . . 2 . 5 2 . 1 . . . . . 3 . . . . . 2 Traps | -11 -10 -10 -10 -9 -8 -7 -7 -6 -6 -6 -6 -5 -5 -5 -5 -5 -5 -5 -5 -4 -4 -4 ------- Run | Jun Mat Min Exi Min Mat Fac Gar Fac Low Low Zio Pro Fac Was Fac Ext Cet Arc Hub Fac Was Fac Traps Triggered 24 | . 4 . . . 3 1 7 2 . . . . 1 . 2 3 . . . 1 . . Indirectly . | . . . . . . . . . . . . . . . . . . . . . . . Trap Hack Attempts . | . . . . . . . . . . . . . . . . . . . . . . . Triggered . | . . . . . . . . . . . . . . . . . . . . . . . Disarmed 4 | . . . . . . . . . . . . . . . . 4 . . . . . . Reprogrammed . | . . . . . . . . . . . . . . . . . . . . . . . Reused . | . . . . . . . . . . . . . . . . . . . . . . . Traps Extracted . | . . . . . . . . . . . . . . . . . . . . . . . Installed . | . . . . . . . . . . . . . . . . . . . . . . . Triggered 2 | . . . . . . . 2 . . . . . . . . . . . . . . . Machines | -11 -10 -10 -10 -9 -8 -7 -7 -6 -6 -6 -6 -5 -5 -5 -5 -5 -5 -5 -5 -4 -4 -4 ---------- Run | Jun Mat Min Exi Min Mat Fac Gar Fac Low Low Zio Pro Fac Was Fac Ext Cet Arc Hub Fac Was Fac Machines Disabled 16 | . . . . . . . 2 3 . . . . 1 . 2 2 3 1 2 . . . Max in Single Turn 2 | . . . . . . . 1 1 . . . . 1 . 2 . . . 2 . . . Garrison Relay 1 | . . . . . . . 1 . . . . . . . . . . . . . . . Network Hub 1 | . . . . . . . . . . . . . . . . . . . 1 . . . Machines Repaired . | . . . . . . . . . . . . . . . . . . . . . . . Machines Sabotaged . | . . . . . . . . . . . . . . . . . . . . . . . Overloaded Fab Kills . | . . . . . . . . . . . . . . . . . . . . . . . Hacking | -11 -10 -10 -10 -9 -8 -7 -7 -6 -6 -6 -6 -5 -5 -5 -5 -5 -5 -5 -5 -4 -4 -4 --------- Run | Jun Mat Min Exi Min Mat Fac Gar Fac Low Low Zio Pro Fac Was Fac Ext Cet Arc Hub Fac Was Fac Machines Accessed 50 | . 4 . 1 . 10 3 1 8 . 1 . . . . 3 12 3 . . 1 . 3 Terminals 35 | . 4 . . . 6 1 1 4 . . . . . . 2 12 3 . . . . 2 Fabricators 3 | . . . . . . . . 2 . . . . . . . . . . . . . 1 Repair Stations 5 | . . . . . 2 . . 2 . . . . . . 1 . . . . . . . Recycling Units 1 | . . . . . . 1 . . . . . . . . . . . . . . . . Scanalyzers 2 | . . . . . 1 . . . . . . . . . . . . . . 1 . . Garrison Access 2 | . . . . . 1 1 . . . . . . . . . . . . . . . . Total Hacks 139 | . 10 . 1 . 27 3 1 23 . 1 . . . . 10 26 10 . . 14 . 13 Successful 73 | . 1 . 1 . 15 3 1 17 . 1 . . . . 7 11 6 . . 5 . 5 Failed 66 | . 9 . . . 12 . . 6 . . . . . . 3 15 4 . . 9 . 8 Catastrophic 9 | . . . . . 2 . . 1 . . . . . . . 4 . . . 1 . 1 Database Lockouts . | . . . . . . . . . . . . . . . . . . . . . . . Manual 45 | . 10 . 1 . 16 . . 3 . . . . . . 7 7 1 . . . . . Terminals 91 | . 10 . . . 18 1 1 11 . . . . . . 8 26 10 . . . . 6 Fabricators 12 | . . . . . . . . 5 . . . . . . . . . . . . . 7 Repair Stations 15 | . . . . . 6 . . 7 . . . . . . 2 . . . . . . . Recycling Units 1 | . . . . . . 1 . . . . . . . . . . . . . . . . Scanalyzers 16 | . . . . . 2 . . . . . . . . . . . . . . 14 . . Garrison Access 2 | . . . . . 1 1 . . . . . . . . . . . . . . . . Terminal Hacks 39 | . . . 1 . 5 1 1 7 . 1 . . . . 4 11 6 . . . . 2 Record 5 | . . . . . . . . . . . . . . . . . 5 . . . . . Part Schematic 3 | . . . . . 2 . . 1 . . . . . . . . . . . . . . Prototype ID Bank 1 | . . . . . . . . . . . . . . . . . . . . . . 1 Open Door 11 | . . . . . . . . . . 1 . . . . 1 8 1 . . . . . Open DSF 3 | . . . . . . 1 . 1 . . . . . . . . . . . . . 1 Branch Access Points 2 | . . . . . 1 . . 1 . . . . . . . . . . . . . . Emergency Access Points 1 | . . . . . . . 1 . . . . . . . . . . . . . . . Terminal Index 3 | . . . . . 1 . . 1 . . . . . . 1 . . . . . . . Fabricator Index 1 | . . . . . . . . . . . . . . . 1 . . . . . . . Repair Station Index 1 | . . . . . . . . . . . . . . . 1 . . . . . . . Unreport Threat 2 | . . . . . . . . 2 . . . . . . . . . . . . . . Locate Traps 1 | . . . . . . . . . . . . . . . . 1 . . . . . . Disarm Traps 1 | . . . . . . . . . . . . . . . . 1 . . . . . . Recall Assault 1 | . . . . . . . . 1 . . . . . . . . . . . . . . Hauler Manifests 1 | . . . . . 1 . . . . . . . . . . . . . . . . . Zone Layout 1 | . . . . . . . . . . . . . . . . 1 . . . . . . EX-Prototype ID Bank 1 | . . . 1 . . . . . . . . . . . . . . . . . . . Fabricator Hacks 7 | . . . . . . . . 4 . . . . . . . . . . . . . 3 Network Status 1 | . . . . . . . . 1 . . . . . . . . . . . . . . Load Schematic 3 | . . . . . . . . 1 . . . . . . . . . . . . . 2 Build 3 | . . . . . . . . 2 . . . . . . . . . . . . . 1 Repair Station Hacks 13 | . . . . . 6 . . 5 . . . . . . 2 . . . . . . . Scan Component 7 | . . . . . 3 . . 3 . . . . . . 1 . . . . . . . Repair 6 | . . . . . 3 . . 2 . . . . . . 1 . . . . . . . Recycling Unit Hacks 1 | . . . . . . 1 . . . . . . . . . . . . . . . . Retrieve Components 1 | . . . . . . 1 . . . . . . . . . . . . . . . . Scanalyzer 7 | . . . . . 2 . . . . . . . . . . . . . . 5 . . Insert Component 4 | . . . . . 1 . . . . . . . . . . . . . . 3 . . Analyze 3 | . . . . . 1 . . . . . . . . . . . . . . 2 . . Garrison Access Hacks 2 | . . . . . 1 1 . . . . . . . . . . . . . . . . Unlock Access 2 | . . . . . 1 1 . . . . . . . . . . . . . . . . Unauthorized Hacks 4 | . 1 . . . 1 . . 1 . . . . . . 1 . . . . . . . Terminals 4 | . 1 . . . 1 . . 1 . . . . . . 1 . . . . . . . Assimilate 1 | . . . . . . . . 1 . . . . . . . . . . . . . . Botnet 1 | . . . . . . . . . . . . . . . 1 . . . . . . . Operators 2 | . 1 . . . 1 . . . . . . . . . . . . . . . . . Fabricators . | . . . . . . . . . . . . . . . . . . . . . . . Repair Stations . | . . . . . . . . . . . . . . . . . . . . . . . Recycling Units . | . . . . . . . . . . . . . . . . . . . . . . . Scanalyzers . | . . . . . . . . . . . . . . . . . . . . . . . Garrison Access . | . . . . . . . . . . . . . . . . . . . . . . . Data Cores Recovered 1 | . . . . . . 1 . . . . . . . . . . . . . . . . Used . | . . . . . . . . . . . . . . . . . . . . . . . Hacking Detections 31 | . 3 . . . 8 . . 6 . . . . . . 3 8 1 . . 1 . 1 Full Trace Events 8 | . 1 . . . 2 . . 1 . . . . . . . 2 1 . . . . 1 Feedback Events 1 | . . . . . 1 . . . . . . . . . . . . . . . . . Corruption 1 | . . . . . 1 . . . . . . . . . . . . . . . . . Feedback Blocked . | . . . . . . . . . . . . . . . . . . . . . . . Robot Schematics Acquired . | . . . . . . . . . . . . . . . . . . . . . . . Robots Built . | . . . . . . . . . . . . . . . . . . . . . . . Authchips . | . . . . . . . . . . . . . . . . . . . . . . . Time . | . . . . . . . . . . . . . . . . . . . . . . . Total Robot Build Rating . | . . . . . . . . . . . . . . . . . . . . . . . Part Schematics Acquired 6 | . . . . . 3 . . 1 . . . . . . . . . . . 2 . . Parts Built 4 | . . . . . . . . 3 . . . . . . . . . . . . . 1 Authchips 1 | . . . . . . . . . . . . . . . . . . . . . . 1 Time 219 | . . . . . . . . 117 . . . . . . . . . . . . . 102 Total Part Build Rating 28 | . . . . . . . . 20 . . . . . . . . . . . . . 8 Parts Repaired 6 | . . . . . 3 . . 2 . . . . . . 1 . . . . . . . Time 358 | . . . . . 90 . . 165 . . . . . . 103 . . . . . . . Parts Recycled . | . . . . . . . . . . . . . . . . . . . . . . . Recycled Matter . | . . . . . . . . . . . . . . . . . . . . . . . Retrieved Matter . | . . . . . . . . . . . . . . . . . . . . . . . Retrieved Components 3 | . . . . . . 3 . . . . . . . . . . . . . . . . Parts Scanalyzed 3 | . . . . . 1 . . . . . . . . . . . . . . 2 . . Part Schematics Acquired 3 | . . . . . 1 . . . . . . . . . . . . . . 2 . . Parts Damaged 1 | . . . . . . . . . . . . . . . . . . . . 1 . . Bothacking | -11 -10 -10 -10 -9 -8 -7 -7 -6 -6 -6 -6 -5 -5 -5 -5 -5 -5 -5 -5 -4 -4 -4 ------------ Run | Jun Mat Min Exi Min Mat Fac Gar Fac Low Low Zio Pro Fac Was Fac Ext Cet Arc Hub Fac Was Fac Used RIF Installer 2 | . . . . . . . 2 . . . . . . . . . . . . . . . Watcher Feeds 1 | . . . . . . . 1 . . . . . . . . . . . . . . . Robots Hacked . | . . . . . . . . . . . . . . . . . . . . . . . Non-combat . | . . . . . . . . . . . . . . . . . . . . . . . Combat . | . . . . . . . . . . . . . . . . . . . . . . . Robot Hacks Applied . | . . . . . . . . . . . . . . . . . . . . . . . Relay Couplers Released 4 | . . . . . . . 4 . . . . . . . . . . . . . . . Machine Destruction 4 | . . . . . . . 4 . . . . . . . . . . . . . . . Attached 1 | . . . . . . . . 1 . . . . . . . . . . . . . . Fabnet Peak Effective % . | . . . . . . . . . . . . . . . . . . . . . . . Robots Rewired 26 | . . . . . . 1 . . 2 . . . . . . 23 . . . . . . Allies Hacked . | . . . . . . . . . . . . . . . . . . . . . . . Hacks Repelled . | . . . . . . . . . . . . . . . . . . . . . . . Allies | -11 -10 -10 -10 -9 -8 -7 -7 -6 -6 -6 -6 -5 -5 -5 -5 -5 -5 -5 -5 -4 -4 -4 -------- Run | Jun Mat Min Exi Min Mat Fac Gar Fac Low Low Zio Pro Fac Was Fac Ext Cet Arc Hub Fac Was Fac Total Allies 49 | . . . . . . 1 2 1 2 . 3 . . . . 35 5 . . . . . Largest Group 16 | . . . . . . 1 2 1 2 2 3 . . . . 16 16 9 . . . . Highest-Rated Group 836 | . . . . . . 16 142 59 50 50 84 . . . . 605 836 660 . . . . Highest-Rated Ally 159 | . . . . . . 16 80 59 25 25 39 . . . . 159 159 159 . . . . Total Orders 3 | . . . . . . . . 2 . 1 . . . . . . . . . . . . STAY 1 | . . . . . . . . 1 . . . . . . . . . . . . . . FOLLOW 2 | . . . . . . . . 1 . 1 . . . . . . . . . . . . Ally Attacks 407 | . . . . . . 5 26 2 . 13 . . . . . 153 158 50 . . . . Total Damage 11189 | . . . . . . 76 1159 28 . 337 . . . . . 3558 4190 1841 . . . . Kills 91 | . . . . . . . 7 . . 2 . . . . . 33 36 13 . . . . Allies Corrupted . | . . . . . . . . . . . . . . . . . . . . . . . Allies Melted 1 | . . . . . . . . . . . . . . . . 1 . . . . . . Intel | -11 -10 -10 -10 -9 -8 -7 -7 -6 -6 -6 -6 -5 -5 -5 -5 -5 -5 -5 -5 -4 -4 -4 ------- Run | Jun Mat Min Exi Min Mat Fac Gar Fac Low Low Zio Pro Fac Was Fac Ext Cet Arc Hub Fac Was Fac Robot Analysis Total . | . . . . . . . . . . . . . . . . . . . . . . . Derelict Logs Recovered 2 | . . . . . . . . . 1 . . 1 . . . . . . . . . . Drone Launches . | . . . . . . . . . . . . . . . . . . . . . . . Drone Recoveries . | . . . . . . . . . . . . . . . . . . . . . . . Exploration | -11 -10 -10 -10 -9 -8 -7 -7 -6 -6 -6 -6 -5 -5 -5 -5 -5 -5 -5 -5 -4 -4 -4 ------------- Run | Jun Mat Min Exi Min Mat Fac Gar Fac Low Low Zio Pro Fac Was Fac Ext Cet Arc Hub Fac Was Fac Turns Passed 19878 | 67 950 95 303 95 1796 515 2220 3924 584 550 427 1279 1024 852 837 2460 607 223 341 156 164 409 Spaces Moved 10020 | 38 436 90 319 88 996 418 1074 1846 381 410 294 470 168 428 368 896 236 78 103 64 168 651 Core 710 | 3 1 . . . . . 6 . . . . . 6 . 1 1 . . . . 147 545 Treads 2508 | 35 284 . . . 23 . 49 . . . 23 470 152 . 107 895 236 78 103 52 . 1 Legs 1840 | . . . . . . . 809 1031 . . . . . . . . . . . . . . Wheels 4778 | . 151 90 319 88 973 418 210 815 381 410 271 . . 359 260 . . . . 12 21 . Hover 184 | . . . . . . . . . . . . . 10 69 . . . . . . . 105 Flight . | . . . . . . . . . . . . . . . . . . . . . . . Fastest Speed 50 | 50 105 105 90 105 105 105 105 115 123 123 130 240 296 150 150 225 240 240 240 235 50 50 Average Speed 164 | 151 158 105 94 105 111 105 182 154 127 125 140 260 589 171 177 241 240 262 305 241 74 59 Slowest Speed 1950 | 160 500 105 105 105 165 105 900 190 130 130 240 480 1850 360 400 1950 240 320 320 400 400 150 Overloaded Moves . | . . . . . . . . . . . . . . . . . . . . . . . Propulsion Burnouts . | . . . . . . . . . . . . . . . . . . . . . . . Robots Hopped . | . . . . . . . . . . . . . . . . . . . . . . . Cave-ins Triggered . | . . . . . . . . . . . . . . . . . . . . . . . Exploration Rate (%) 47 | 4 79 29 70 17 60 11 86 33 51 65 14 69 6 87 11 87 86 91 15 2 87 21 Regions Visited 22 Branch Regions 11 Pre-discovered Areas . | . . . . . . . . . . . . . . . . . . . . . . . Known Exits Taken 2 | . . . . . . 1 . 1 . . . . . . . . . . . . . . Unknown Exits Taken 15 | 1 1 1 1 1 1 . . . 1 1 1 1 . . 1 1 1 1 1 . . . Scrap Searched 5 | . . . . . . . . . 3 . . 2 . . . . . . . . . . Spaces Dug 27 | . . . . . . . . 21 . . 4 2 . . . . . . . . . . Terrain Destroyed 332 | . . . . . 17 . 4 44 17 14 4 19 7 10 25 7 . . 164 . . . Melee 13 | . . . . . . . . 13 . . . . . . . . . . . . . . Projectile 112 | . . . . . . . . 28 17 14 4 19 7 10 1 7 . . 5 . . . AOE 207 | . . . . . 17 . 4 3 . . . . . . 24 . . . 159 . . . Terrain Rammed . | . . . . . . . . . . . . . . . . . . . . . . . Walls Destroyed . | . . . . . . . . . . . . . . . . . . . . . . . Machines Disabled . | . . . . . . . . . . . . . . . . . . . . . . . Actions | -11 -10 -10 -10 -9 -8 -7 -7 -6 -6 -6 -6 -5 -5 -5 -5 -5 -5 -5 -5 -4 -4 -4 --------- Run | Jun Mat Min Exi Min Mat Fac Gar Fac Low Low Zio Pro Fac Was Fac Ext Cet Arc Hub Fac Was Fac Total 12435 | 45 576 90 322 90 1519 489 1236 2691 431 423 304 501 187 476 517 1109 276 97 114 67 202 673 Wait 1336 | . 52 . . 2 363 43 32 628 1 . . 12 1 . 113 20 27 16 . . 16 10 Move 9999 | 37 435 89 318 87 995 417 1072 1845 380 409 293 469 168 427 367 895 235 77 102 64 167 651 Hop . | . . . . . . . . . . . . . . . . . . . . . . . Pick Up 105 | 2 10 . 1 1 25 6 4 25 1 2 . 1 1 3 2 8 5 . 3 . 5 . Fast Attach 82 | 6 3 . . . 11 1 7 10 2 . 2 2 5 3 6 15 1 1 . 1 2 4 Attach 71 | . 3 . . . 13 1 8 13 2 . 5 4 3 2 4 4 . 3 1 1 3 1 Detach 14 | . 2 . 2 . . . 2 4 . . . . . . 1 . . . . 1 1 1 Swap 67 | . 4 . 1 . 9 3 4 23 3 . . . 1 2 3 8 3 . 1 . 2 . Drop 47 | . 3 . . . 8 6 1 15 . 1 2 . 1 . . . 4 . . . 4 2 Fire 430 | . 60 . . . 64 7 70 82 22 11 2 13 7 39 6 37 1 . 7 . 2 . Melee 78 | . . . . . 29 . . 34 . . . . . . 13 2 . . . . . . Ram 20 | . 3 1 . . 2 . . 9 . . . . . . 1 . . . . . . 4 Kick 3 | . . . . . . . . 3 . . . . . . . . . . . . . . Crush 5 | . 1 . . . . . . . . . . . . . 1 3 . . . . . . Escape Stasis 42 | . . . . . . . 36 . . . . . . . . 6 . . . . . . Rewire 136 | . . . . . . 5 . . 20 . . . . . . 111 . . . . . . Trap . | . . . . . . . . . . . . . . . . . . . . . . . Miscellaneous . | . . . . . . . . . . . . . . . . . . . . . . . Route ------- -11/Junkyard -10/Materials (discovered 3 exits: [*Mat x2] / [*Min]) -10/Mines (discovered 2 exits: [*Mat] / *Exi) -10/Exiles -9/Mines -8/Materials (discovered 2 exits: *Fac / Gar) -7/Factory -7/Garrison (discovered 3 exits: *Fac x3) -6/Factory (discovered 3 exits: *Fac / *Low x2) -6/Lower Caves -6/Lower Caves -6/Zion -5/Proximity Caves -5/Factory -5/Waste -5/Factory -5/Extension (discovered 2 exits: *Fac / *Cet) -5/Cetus (discovered 2 exits: *Fac / *Arc) -5/Archives (discovered 2 exits: *Fac / [*Hub]) -5/Hub_04(d) -4/Factory -4/Waste -4/Factory History --------- Turn | Location | Event 4 | -11/Junkyard | Discovered new exit (range 15) 68 | -11/Junkyard | Entered Materials 302 | -10/Materials | Discovered new exit (range 15) 318 | -10/Materials | Build established: Mutant 662 | -10/Materials | Discovered new exit (range 8) 845 | -10/Materials | Discovered new exit (range 16) 941 | -10/Materials | Core integrity fell below 50% 1018 | -10/Materials | Entered Mines 1057 | -10/Mines | Discovered new exit (range 11) 1109 | -10/Mines | Deemed a non-threat by the Exiles lab entrance 1109 | -10/Mines | Discovered new exit (range 5) 1113 | -10/Mines | Entered Exiles 1140 | -10/Exiles | Met 8R-AWN 1155 | -10/Exiles | Met EX-HEX 1182 | -10/Exiles | Met EX-BIN 1193 | -10/Exiles | Aligned with FarCom system 1194 | -10/Exiles | Given EX-Vault access code 1214 | -10/Exiles | Opened EX-Vault 1221 | -10/Exiles | Found Modified TNC 1240 | -10/Exiles | Warned to stay clear of 0b10 Research branches 1269 | -10/Exiles | Met EX-DEC 1402 | -10/Exiles | Discovered new exit (range 14) 1416 | -10/Exiles | Left Exiles lab with Modified TNC 1416 | -10/Exiles | Entered Mines 1416 | -9/Mines | Discovered new exit (range 6) 1447 | -9/Mines | Met a Derelict bent on vengeance 1487 | -9/Mines | Found a damaged Exp. Sensor Array with a note attached 1489 | -9/Mines | Found Prototype Device 1511 | -9/Mines | Entered Materials 1511 | -8/Materials | Evolved 4 slots: Propulsion x1, Utility x3 1522 | -8/Materials | Identified exit to Garrison 1777 | -8/Materials | Garrison activated, responded to threat 1833 | -8/Materials | Build established: Hacker-Mutant 1904 | -8/Materials | Lost 8 parts (1p3n4w) 2359 | -8/Materials | Repaired Hammer 2392 | -8/Materials | Repaired Arm. Wheel 2792 | -8/Materials | Repaired Arm. Wheel 2847 | -8/Materials | Discovered new exit (range 16) 3307 | -8/Materials | Entered Factory 3307 | -7/Factory | Evolved 2 slots: Propulsion x1, Utility x1 3821 | -7/Factory | Identified exit to Garrison 3822 | -7/Factory | Entered Garrison 3964 | -7/Garrison | Triggered checkpoint 4046 | -7/Garrison | Triggered checkpoint 4054 | -7/Garrison | Triggered checkpoint 4135 | -7/Garrison | Lost 6 parts (1p2n2u1w) 4173 | -7/Garrison | Destroyed 12 combat bots 4183 | -7/Garrison | Lost 4 parts (1p1n1u1w) 4610 | -7/Garrison | Discovered new exit (range 13) 4632 | -7/Garrison | Found embedded Infiltrators 4712 | -7/Garrison | Build established: Scavenger-Mutant 4720 | -7/Garrison | Triggered checkpoint 4744 | -7/Garrison | Triggered checkpoint 4893 | -7/Garrison | Discovered new exit (range 13) 4952 | -7/Garrison | Triggered checkpoint 5142 | -7/Garrison | Triggered checkpoint 5244 | -7/Garrison | Discovered new exit (range 14) 5276 | -7/Garrison | Installed Relay Interface Framework 5822 | -7/Garrison | Expanded RIF knowledge: Watcher Feeds 5984 | -7/Garrison | Garrison Relay disabled 6042 | -7/Garrison | Entered Factory 6042 | -6/Factory | Accompanied by 1 ally 6042 | -6/Factory | Evolved 2 slots: Utility x2 6076 | -6/Factory | Identified exit to Lower Caves 6195 | -6/Factory | Lost 5 parts (1p1n2u1w) 6309 | -6/Factory | Repaired Corrupted Adv. Heat Sink 6425 | -6/Factory | Build established: Hacker-Mutant 6970 | -6/Factory | P-60 Hacker assimilated allied Administrator 5a 7865 | -6/Factory | Discovered new exit (range 16) 7887 | -6/Factory | System corruption reached 10% 8091 | -6/Factory | Lost 6 parts (2n1u3w) 8631 | -6/Factory | Fabricated Enh. Gauss Cannon? 9441 | -6/Factory | Fabricated Com. HERF Cannon (x1) 9550 | -6/Factory | Lost 3 parts (3u) 9774 | -6/Factory | Repaired Broken Com. HERF Cannon? 9966 | -6/Factory | Entered Lower Caves 10041 | -6/Lower Caves | Encountered a Warlord checkpoint 10109 | -6/Lower Caves | Learned Factory security intel 10214 | -6/Lower Caves | Attacked by a faux Warlord 10372 | -6/Lower Caves | Attracted the attention of an 0b10 checkpoint 10521 | -6/Lower Caves | Discovered new exit (range 7) 10550 | -6/Lower Caves | Entered another Lower Caves area 10550 | -6/Lower Caves | Accompanied by 2 allies 11041 | -6/Lower Caves | Discovered new exit (range 15) 11100 | -6/Lower Caves | Entered Zion 11130 | -6/Zion | Gained Derelict followers 11265 | -6/Zion | Discovered new exit (range 11) 11325 | -6/Zion | System corruption cleaned by Quarantine Array 11447 | -6/Zion | RIF detected upon attempting to enter Zion 11447 | -6/Zion | Attacked by Zionites 11447 | -6/Zion | Spotted RZ-N0I(B) 11447 | -6/Zion | Spotted BB-DFX(B) 11454 | -6/Zion | Core integrity fell below 50% 11504 | -6/Zion | Lost 9 parts (2p3n3u1w) 11527 | -6/Zion | Entered Proximity Caves 11535 | -5/Proximity Caves | Spotter reported a threat 11570 | -5/Proximity Caves | Attracted the attention of an 0b10 checkpoint 11845 | -5/Proximity Caves | Identified Exp. Sensor Array 11947 | -5/Proximity Caves | Spotter reported a threat 12628 | -5/Proximity Caves | Discovered new exit (range 14) 12791 | -5/Proximity Caves | Core integrity fell below 20% 12806 | -5/Proximity Caves | Entered Factory 12806 | -5/Factory | Evolved 2 slots: Power x1, Weapon x1 13096 | -5/Factory | Build established: Hacker-Skirmisher 13697 | -5/Factory | Lost 3 parts (1p1n1w) 13830 | -5/Factory | Sucked down chute 13830 | -5/Factory | Entered Waste 13862 | -5/Waste | Spotted C-40 Crusher 13878 | -5/Waste | Crushed by Compactor (1 part destroyed, 2 dropped) 13881 | -5/Waste | Destroyed C-40 Crusher 13884 | -5/Waste | Spotted C-40 Crusher 13896 | -5/Waste | Destroyed C-40 Crusher 13911 | -5/Waste | Destroyed C-40 Crusher 13938 | -5/Waste | Spotted C-40 Crusher 13950 | -5/Waste | Destroyed C-40 Crusher 14197 | -5/Waste | Build established: Scavenger-Skirmisher 14274 | -5/Waste | Spotted C-40 Crusher 14279 | -5/Waste | Spotted C-40 Crusher 14295 | -5/Waste | Crushed by Compactor (1 part destroyed, 2 dropped) 14328 | -5/Waste | Crushed by Compactor (1 part destroyed, 1 dropped) 14420 | -5/Waste | Destroyed C-40 Crusher 14513 | -5/Waste | Discovered new exit (range 10) 14574 | -5/Waste | Destroyed C-40 Crusher 14607 | -5/Waste | Build established: Scavenger-Mutant 14682 | -5/Waste | Entered Factory 15025 | -5/Factory | Repaired Broken Biometal Heavy Treads 15206 | -5/Factory | Build established: Hacker-Mutant 15290 | -5/Factory | System corruption reached 10% 15510 | -5/Factory | Discovered new exit (range 6) 15519 | -5/Factory | Entered Extension 15787 | -5/Extension | System corruption reached 30% 15799 | -5/Extension | Lost 6 parts (1p1n3u1w) 16294 | -5/Extension | Rescued a captive Derelict 16312 | -5/Extension | Build established: Scavenger-Gunner 16508 | -5/Extension | Rescued a captive Derelict 17019 | -5/Extension | Search patrols dispatched 17161 | -5/Extension | Spotted B-75 Beast 17179 | -5/Extension | Allies destroyed B-75 Beast 17218 | -5/Extension | Spotted B-75 Beast 17227 | -5/Extension | Allies destroyed B-75 Beast 17437 | -5/Extension | Rescued A7 17516 | -5/Extension | Build established: Scavenger-Tank 17598 | -5/Extension | Rescued a captive Derelict 17799 | -5/Extension | Rescued a captive Derelict 17800 | -5/Extension | Rescued a captive Derelict 17835 | -5/Extension | Rescued a captive Derelict 17836 | -5/Extension | Rescued a captive Derelict 17859 | -5/Extension | Rescued a captive Derelict 17859 | -5/Extension | Rescued a captive Derelict 17878 | -5/Extension | Rescued a captive Derelict 17879 | -5/Extension | Rescued a captive Derelict 17942 | -5/Extension | Discovered new exit (range 10) 17945 | -5/Extension | Discovered new exit (range 6) 17979 | -5/Extension | Entered Cetus 17979 | -5/Cetus | Accompanied by 16 allies (A7) 17984 | -5/Cetus | Acquired a Cetus Manufacturing Module code from A7 18007 | -5/Cetus | Spotted Cetus Guard 18011 | -5/Cetus | Spotted Cetus Guard 18012 | -5/Cetus | Allies destroyed Cetus Guard 18013 | -5/Cetus | Spotted Cetus Guard 18017 | -5/Cetus | Allies destroyed Cetus Guard 18025 | -5/Cetus | Allies destroyed Cetus Guard 18176 | -5/Cetus | Started Cetus Manufacturing Module 18191 | -5/Cetus | Escorted A7 to Cetus Mainframe 18201 | -5/Cetus | Manufactured an Enhanced Grunt 18226 | -5/Cetus | Manufactured an Enhanced Grunt 18251 | -5/Cetus | Manufactured an Enhanced Grunt 18276 | -5/Cetus | Manufactured an Enhanced Grunt 18301 | -5/Cetus | Manufactured an Enhanced Grunt 18327 | -5/Cetus | Cetus Manufacturing Module disabled 18351 | -5/Cetus | Discovered new exit (range 16) 18394 | -5/Cetus | Spotted Cetus Guard 18394 | -5/Cetus | Spotted Cetus Guard 18397 | -5/Cetus | Spotted Cetus Guard 18398 | -5/Cetus | Spotted Cetus Guard 18412 | -5/Cetus | Allies destroyed Cetus Guard 18413 | -5/Cetus | Build established: Scavenger-Skirmisher 18414 | -5/Cetus | Allies destroyed Cetus Guard 18415 | -5/Cetus | Allies destroyed Cetus Guard 18416 | -5/Cetus | Allies destroyed Cetus Guard 18421 | -5/Cetus | Discovered new exit (range 16) 18433 | -5/Cetus | Met Revision 17 18586 | -5/Cetus | Entered Archives 18586 | -5/Archives | Accompanied by 9 allies (A7) 18591 | -5/Archives | Received a hacking code to weaken MAIN.C 18622 | -5/Archives | Met Zhirov 18628 | -5/Archives | Reinforcements dispatched to Archives 18644 | -5/Archives | Unable to access archive contents 18673 | -5/Archives | Reinforcements dispatched to Archives 18675 | -5/Archives | Zhirov warped through subspace 18682 | -5/Archives | Discovered new exit (range 16) 18693 | -5/Archives | Zhirov detonated Archives 18694 | -5/Archives | Core integrity fell below 50% 18716 | -5/Archives | Discovered new exit (range 16) 18724 | -5/Archives | Lost 5 parts (3n1u1w) 18809 | -5/Archives | Entered Hub_04(d) 19080 | -5/Hub_04(d) | Discovered new exit (range 6) 19089 | -5/Hub_04(d) | Build established: Scavenger-Tank 19130 | -5/Hub_04(d) | Network Hub disabled 19132 | -5/Hub_04(d) | Spotted Lightning 19150 | -5/Hub_04(d) | Entered Factory 19150 | -4/Factory | Evolved 2 slots: Utility x2 19151 | -4/Factory | Identified exit to Armory 19306 | -4/Factory | Sucked down chute 19306 | -4/Factory | Entered Waste 19321 | -4/Waste | EMP discharged 19342 | -4/Waste | Spotted C-40 Crusher 19360 | -4/Waste | Crushed by Compactor (1 part destroyed, 2 dropped) 19363 | -4/Waste | Crushed by Compactor (1 part destroyed, 2 dropped) 19366 | -4/Waste | Crushed by Compactor (1 part destroyed, 1 dropped) 19369 | -4/Waste | Crushed by Compactor (1 part destroyed, 1 dropped) 19374 | -4/Waste | Crushed by Compactor (1 part destroyed, 1 dropped) 19377 | -4/Waste | Spotted C-40 Crusher 19389 | -4/Waste | Spotted C-40 Crusher 19405 | -4/Waste | Lost 6 parts (3n2u1w) 19421 | -4/Waste | EMP discharged 19421 | -4/Waste | System corruption reached 10% 19424 | -4/Waste | Spotted C-40 Crusher 19425 | -4/Waste | Spotted C-40 Crusher 19446 | -4/Waste | Spotted C-40 Crusher 19452 | -4/Waste | Crushed by Compactor (1 part destroyed, 2 dropped) 19465 | -4/Waste | Discovered new exit (range 11) 19470 | -4/Waste | Entered Factory 19504 | -4/Factory | Identified exit to DSF 19638 | -4/Factory | Fabricated Centrium Medium Armor Plating? 19750 | -4/Factory | Build established: Hacker-Mutant 19879 | -4/Factory | Self-destructed Last Messages --------------- Neutron Missile Launcher 19773_ :1YHRX RATPFZSI0GINMCDF